 Dungeon Crawl Stone Soup version 0.21.1-1-g345015f (webtiles) character file.

10238 poirepourri the Cleaver (level 11, 0/100 HPs)
             Began as a Deep Dwarf Fighter on July 21, 2018.
             Was an Elder of Makhleb.
             Succumbed to a spiny frog's poison
             ... on level 2 of the Lair of Beasts.
             The game lasted 00:10:42 (6964 turns).

poirepourri the Cleaver (Deep Dwarf Fighter)        Turns: 6964, Time: 00:10:43

Health: 0/100      AC: 13    Str: 23    XL:     11   Next: 33%
Magic:  3/3        EV: 15    Int:  9    God:    Makhleb [****..]
Gold:   329        SH: 14    Dex: 15    Spells: 10/10 levels left

rFire    + . .     SeeInvis +   a - +0 war axe
rCold    . . .     Gourm    .   c - +2 shield
rNeg     . . .     Faith    .   f - +4 scale mail {MR+}
rPois    .         Spirit   .   d - +0 helmet
rElec    .         Reflect  .   o - scarf {repulsion}
rCorr    .         Harm     .   n - +0 pair of gloves
MR       ++...                  (no boots)
Stlth    ..........             (no amulet)
HPRegen  0.00/turn              i - ring of Daisies {rF+ Str+3}
MPRegen  0.08/turn              u - ring of see invisible

@: lethally poisoned (0 -> -37), non-regenerating, repel missiles
A: damage resistance, heal wounds, sense surroundings 2, no regeneration
a: Heal Wounds, Minor Destruction, Lesser Servant of Makhleb, Major Destruction,
Renounce Religion


You were on level 2 of the Lair of Beasts.
You worshipped Makhleb.
Makhleb was greatly pleased with you.
You were not hungry.

You visited 2 branches of the dungeon, and saw 12 of its levels.

You collected 639 gold pieces.
You spent 310 gold pieces at shops.

Inventory:

Hand Weapons
 a - a +0 war axe (weapon)
 b - a +3 flail of crushing
 x - a +0 mace of holy wrath
Missiles
 g - 20 bolts
 t - 2 tomahawks of returning (quivered)
Armour
 c - a +2 shield (worn)
 d - a +0 helmet (worn)
 f - a +4 scale mail of magic resistance (worn)
 l - a +0 cloak
 n - a +0 pair of gloves (worn)
 o - a scarf of repulsion (worn)
Jewellery
 i - the ring of Daisies (left hand) {rF+ Str+3}
   (You found it on level 7 of the Dungeon)

   [ring of protection from fire]

   It affects your strength (+3).
   It protects you from fire.
 u - a ring of see invisible (right hand)
Wands
 m - a wand of scattershot (5)
 p - a wand of disintegration (31)
 q - a wand of acid (6)
 s - a wand of polymorph (4)
Scrolls
 e - 2 scrolls of teleportation
 j - a scroll of amnesia {unknown}
 v - 3 scrolls of remove curse
 w - a scroll of fear {unknown}
Comestibles
 r - 7 rations


   Skills:
 - Level 7.0 Fighting
 - Level 12.0 Axes
 - Level 3.2 Armour
 - Level 10.5 Dodging
 + Level 9.0 Shields


You had 10 spell levels left.
You didn't know any spells.

Dungeon Overview and Level Annotations

Branches:
Dungeon (10/15)            Temple (0/1) D:5            Lair (2/6) D:10
  Swamp (0/4) Lair:2        Snake (0/4) Lair:2
    Orc: D:9-12

Altars:
Ashenzari
Elyvilon
Fedhas
Kikubaaqudgha
Makhleb
Okawaru
Sif Muna
Zin
The Shining One
Beogh

Shops:
D:9 [


Innate Abilities, Weirdness & Mutations

You are resistant to damage.
You can heal yourself by infusing magical energy.
You passively map the area around you.
You do not regenerate.


Message History

You kill the spiny frog!
Makhleb accepts your kill.
Your Shields skill increases to level 9!
You hit the spiny frog.
You hit the komodo dragon but do no damage.
* * * LOW HITPOINT WARNING * * *
You feel very sick. The spiny frog barely misses you.
The komodo dragon misses you.
You feel much better.
You feel very sick. You block the spiny frog's attack.
The komodo dragon bites you!!
* * * LOW HITPOINT WARNING * * *
* * * LOW HITPOINT WARNING * * *
You feel very sick. The spiny frog stings you!!
* * * LOW HITPOINT WARNING * * *
The komodo dragon misses you. The spiny frog closely misses you.
Found a leather armour.
You see here a spiny frog corpse.
You die...

, *,*
#......# *
,,
#...[..#* ,
#......##.
* ** *
#.........,
,,*
##....... ,
, #......#
* ##.....#
* #..@...#
## #.l†F..#
,..
##.....#
....
#.....##
....
#......#
###.
##......# #
#.......# *
##......##
,
##.......#
## * *


You could see a komodo dragon and a spiny frog.

Vanquished Creatures
  A catoblepas (Lair:2)
  A two-headed ogre (D:8)
  An unseen horror (D:9)
  Maurice (D:9)
  The ghost of Shutra the Ducker, a novice MiHu (D:4)
  2 spiny frogs (Lair:2)
  A komodo dragon (Lair:2)
  4 hippogriffs
  2 wyverns
  A hungry ghost (D:8)
  2 water moccasins (Lair:2)
  8 orc warriors
  An ice beast (D:9)
  The ghost of frapes28 the Skirmisher, an amateur MiFi (D:3)
  2 sky beasts
  2 phantoms
  4 black bears (Lair:2)
  3 centaurs
  6 ogres
  A crocodile (D:7)
  2 big kobolds
  A gnoll sergeant (D:8)
  6 bullfrogs
  A scorpion (D:5)
  9 wights
  7 killer bees
  2 crimson imps
  4 jellies
  7 hounds
  2 quasits
  A bullfrog zombie (D:10)
  Crazy Yiuf (D:6)
  8 orc priests
  16 orc wizards
  A centaur skeleton (D:9)
  2 bullfrog skeletons
  7 iguanas
  3 worker ants
  A hound zombie (D:10)
  2 howler monkey zombies
  17 gnolls
  6 adders
  2 shadow imps
  An ooze (D:4)
  5 adder skeletons
  An adder zombie (D:3)
  A worm (D:2)
  2 dart slugs (D:2)
  A leopard gecko (D:7)
  46 orcs
  A ball python (D:1)
  4 goblins
  7 quokkas
  3 bats
  2 frilled lizards
  A giant cockroach zombie (D:5)
  A jackal zombie (D:3)
  7 kobolds
  2 leopard gecko skeletons
  A quokka zombie (D:8)
  A rat (D:2)
240 creatures vanquished.

Notes
Turn   | Place    | Note
-------+----------+-------------------------------------------
     0 | D:1      | poirepourri the Deep Dwarf Fighter began the quest for the Orb.
     0 | D:1      | Reached XP level 1. HP: 20/20 MP: 1/1
    69 | D:2      | Reached skill level 3 in Axes
    76 | D:2      | Reached XP level 2. HP: 25/27 MP: 2/2
   232 | D:3      | Noticed frapes28's ghost (amateur MiFi)
   239 | D:3      | Killed frapes28's ghost
   239 | D:3      | Reached skill level 5 in Axes
   239 | D:3      | Reached XP level 3. HP: 26/33 MP: 3/3
   239 | D:3      | Reached XP level 4. HP: 32/40 MP: 4/4
   419 | D:4      | Reached skill level 6 in Axes
   419 | D:4      | Reached XP level 5. HP: 24/46 MP: 5/5
   515 | D:4      | Noticed Shutra's ghost (novice MiHu)
   587 | D:4      | Killed Shutra's ghost
   587 | D:4      | Reached skill level 8 in Axes
   587 | D:4      | Reached XP level 6. HP: 55/55 MP: 2/2
   587 | D:4      | Reached XP level 7. HP: 61/61 MP: 3/3
   953 | D:5      | Entered Level 5 of the Dungeon
   961 | D:5      | Reached skill level 9 in Axes
  1052 | D:5      | Found a deep blue altar of Sif Muna.
  1219 | D:5      | Reached skill level 10 in Axes
  1229 | D:5      | Found a burning altar of Makhleb.
  1229 | D:5      | Found a white marble altar of Elyvilon.
  1230 | D:5      | Found an ancient bone altar of Kikubaaqudgha.
  1230 | D:5      | Found a glowing golden altar of the Shining One.
  1231 | D:5      | Found a glowing golden altar of the Shining One.
  1231 | D:5      | Found a burning altar of Makhleb.
  1232 | D:5      | Found a glowing silver altar of Zin.
  1233 | D:5      | Found an iron altar of Okawaru.
  1234 | D:5      | Found a shattered altar of Ashenzari.
  1234 | D:5      | Found a blossoming altar of Fedhas.
  1234 | D:5      | Found a glowing silver altar of Zin.
  1235 | D:5      | Found a burning altar of Makhleb.
  1238 | D:5      | Became a worshipper of Makhleb the Destroyer
  1270 | D:5      | Found a staircase to the Ecumenical Temple.
  1332 | D:5      | Reached XP level 8. HP: 52/68 MP: 4/4
  1716 | D:6      | Reached skill level 11 in Axes
  1857 | D:6      | Found a deep blue altar of Sif Muna.
  1863 | D:6      | Reached skill level 12 in Axes
  2215 | D:6      | Reached * piety under Makhleb
  2283 | D:6      | Found a runed door.
  2556 | D:6      | Noticed Crazy Yiuf
  2559 | D:6      | Killed Crazy Yiuf
  2559 | D:6      | Gained mutation: You passively map the area around you. [Deep Dwarf growth]
  2559 | D:6      | Reached XP level 9. HP: 37/79 MP: 4/4
  2748 | D:7      | Reached skill level 5 in Fighting
  2772 | D:7      | Got an ancient iron ring
  2841 | D:7      | Identified the ring of Daisies {rF+ Str+3} (You found it on level 7 of the Dungeon)
  2961 | D:7      | Identified a scroll of acquirement
  3002 | D:7      | Reached skill level 1 in Dodging
  3256 | D:7      | Reached ** piety under Makhleb
  3753 | D:8      | Reached skill level 5 in Dodging
  3837 | D:8      | Noticed a two-headed ogre
  3851 | D:8      | Killed a two-headed ogre
  3888 | D:8      | Reached XP level 10. HP: 79/91 MP: 5/5
  4238 | D:8      | Found a roughly hewn altar of Beogh.
  4241 | D:8      | Reached *** piety under Makhleb
  4662 | D:9      | Noticed Maurice
  4699 | D:9      | Killed Maurice
  4699 | D:9      | Reached skill level 10 in Dodging
  4876 | D:9      | Reached skill level 5 in Shields
  5016 | D:9      | Found Zuzurphe's Antique Armour Shop.
  5030 | D:9      | Bought a glowing scale mail for 189 gold pieces
  5030 | D:9      | Bought a pair of gloves for 121 gold pieces
  5187 | D:9      | Noticed an unseen horror
  5200 | D:9      | Killed an unseen horror
  5397 | D:10     | Entered Level 10 of the Dungeon
  5494 | D:10     | Found a staircase to the Lair.
  5825 | D:10     | Reached **** piety under Makhleb
  6283 | Lair:1   | Entered Level 1 of the Lair of Beasts
  6343 | Lair:1   | You fall through a shaft!
  6346 | Lair:2   | Noticed a spiny frog
  6360 | Lair:2   | Killed a spiny frog
  6360 | Lair:2   | Reached XP level 11. HP: 70/99 MP: 3/3
  6389 | Lair:2   | Found a staircase to the Snake Pit.
  6675 | Lair:2   | Noticed a catoblepas
  6726 | Lair:2   | Killed a catoblepas
  6963 | Lair:2   | HP: 4/100 [spiny frog (17)]
  6964 | Lair:2   | Succumbed to a spiny frog's poison

Skill      XL: |  1  2  3  4  5  6  7  8  9 10 11 |
---------------+----------------------------------+-----
Axes           | 3 5 6 8 10 12 | 12.0
Fighting       | 4 6 7 |  7.0
Dodging        | 7 10 | 10.5
Shields        | 7 9 |  9.0
Armour         | |  3.2

Action                   |  1- 3 |  4- 6 |  7- 9 | 10-12 || total
-------------------------+-------+-------+-------+-------++-------
Melee: War axe           |    39 |   109 |   389 |   513 ||  1050
Throw: Tomahawk          |       |       |       |     1 ||     1
 Abil: Heal Wounds       |       |     6 |    13 |     7 ||    26
Evoke: Wand              |       |       |     7 |       ||     7
  Use: Potion            |     1 |       |     6 |     3 ||    10
       Scroll            |       |     1 |     8 |     5 ||    14
  Eat: Ration            |       |       |     4 |     2 ||     6
       Chunk             |       |       |     2 |     5 ||     7
Armor: Scale mail        |    13 |    41 |    40 |    77 ||   171
       Chain mail        |       |       |   150 |   104 ||   254
Dodge: Dodged            |     6 |    16 |   126 |   235 ||   383
       Deflected         |       |       |     3 |     2 ||     5
Block: Shield            |    20 |    41 |   198 |   326 ||   585
